 Dungeon Crawl Stone Soup version 0.19.0-2-gae57169 (webtiles) character file.

124 Exaltedone87 the Slasher (level 4, 0/34 HPs)
             Began as a Demonspawn Gladiator on Nov 4, 2016.
             Slain by an orc wizard
             ... wielding a +0 dagger
              (3 damage)
             ... on level 3 of the Dungeon.
             The game lasted 00:05:04 (2338 turns).

Exaltedone87 the Slasher (Demonspawn Gladiator)     Turns: 2338, Time: 00:05:05

Health: 0/34       AC:  4    Str: 16    XL:     4   Next: 81%
Magic:  4/4        EV: 13    Int: 10    God:
Gold:   154        SH:  0    Dex: 13    Spells: 0 memorised, 3 levels left

rFire  . . .     SeeInvis .     a - +0 long sword
rCold  . . .     Gourm    .     b - +0 leather armour
rNeg   . . .     Faith    .     (no shield)
rPois  .         Spirit   .     c - +0 helmet
rElec  .         Reflect  .     (no cloak)
rCorr  .         Harm     .     (no gloves)
MR     .....                    (no boots)
Stlth  +.........               (no amulet)
                                (no ring)
                                (no ring)

@: no status effects
A: claws 1, powered by death 1, rot immunity
a: no special abilities


You were on level 3 of the Dungeon.
You were not hungry.

You visited 1 branch of the dungeon, and saw 3 of its levels.

You collected 154 gold pieces.

Inventory:

Hand Weapons
 a - a +0 long sword (weapon)
 f - a +0 spear of flaming
Missiles
 d - a throwing net (quivered)
Armour
 b - a +0 leather armour (worn)
 c - a +0 helmet (worn)
 l - a +0 pair of gloves
Jewellery
 g - an uncursed ring of resist corrosion {unknown}
 j - an uncursed ring of ice {unknown}
Wands
 n - a wand of hasting (7/9)
Scrolls
 e - 4 scrolls of remove curse
 h - a scroll of teleportation {unknown}
 m - a scroll of immolation {unknown}
Potions
 k - a potion of haste {unknown}
 p - a potion of flight {unknown}
 q - a potion of curing
Comestibles
 i - a beef jerky
 o - a meat ration


   Skills:
 + Level 2.4 Fighting
 + Level 3.8 Long Blades
 + Level 2.0 Throwing
 + Level 1.5 Armour
 + Level 3.2 Dodging
 + Level 0.4 Stealth


You had 3 spell levels left.
You didn't know any spells.

Dungeon Overview and Level Annotations

Branches:
Dungeon (3/15)

Altars:


Innate Abilities, Weirdness & Mutations

You have sharp fingernails.
You regenerate a little health from kills.
You are immune to rotting.


Message History

You kill the orc!
You closely miss something. Something barely misses you.
Okay, then.
You closely miss something. Something hits you but does no damage.
You closely miss something. Something hits you but does no damage.
You miss something. Something hits you but does no damage.
You hear some strange, mumbled words.
Something tries to affect you, but you resist.
You hit something. Something hits you but does no damage.
You hit something.
You hear some strange, mumbled words.
Something tries to affect you, but you resist.
You miss something.
You hear some strange, mumbled words.
A puff of flame appears from out of thin air!
The puff of flame hits you!
* * * LOW HITPOINT WARNING * * *
Your leather armour prevents you from hitting something.
Something hits you.
You die...

###******
#..,,,,,*
#.#****,* #.#
*,*******### #{#
*,,,,,,,,... #@#
*,,,,,,,,... #?#
*,**,****#.# #.#
*,**,* #.#
##########.#
*,**,* #.#
#..........#
*,**,* #.#
#>#######..#
*,**,* ##.. #>#
*#..# *,**,* #...
#.#
****.#.#****,**,*
#.## #.#
*,,.###.,,,,,**,*
#.#


There were no monsters in sight!

Vanquished Creatures
  An orc wizard (D:3)
  Ijyb (D:2)
  An adder (D:2)
  4 worms (D:2)
  A dart slug (D:1)
  3 leopard geckos
  An orc (D:3)
  3 giant cockroaches
  7 goblins
  3 hobgoblins
  A quokka (D:3)
  A ball python (D:3)
  8 bats
  3 frilled lizards (D:2)
  7 kobolds
  3 rats
48 creatures vanquished.

Notes
Turn   | Place    | Note
-------+----------+-------------------------------------------
     0 | D:1      | Exaltedone87 the Demonspawn Gladiator began the quest for the Orb.
     0 | D:1      | Reached XP level 1. HP: 16/16 MP: 1/1
   330 | D:1      | Gained mutation: You are immune to rotting. [demonic ancestry]
   330 | D:1      | Reached XP level 2. HP: 22/22 MP: 2/2
  1199 | D:2      | HP: 1/22 [worm (9)]
  1200 | D:2      | Gained mutation: You regenerate a little health from kills. [demonic ancestry]
  1200 | D:2      | Reached XP level 3. HP: 2/27 MP: 3/3
  1685 | D:2      | Reached skill level 1 in Armour
  1691 | D:2      | Noticed Ijyb
  1707 | D:2      | Killed Ijyb
  1797 | D:2      | Gained mutation: You have sharp fingernails. [demonic ancestry]
  1797 | D:2      | Reached XP level 4. HP: 23/34 MP: 4/4
  2338 | D:3      | Slain by an orc wizard

Skill      XL: |  1  2  3 |
---------------+----------+-----
Dodging        | 3 |  3.2
Throwing       | 2 |  2.0
Long Blades    | 3 |  3.8
Armour         | 1 |  1.5
Fighting       | |  2.4
Stealth        | |  0.4

Action                   |  1- 3 |  4- 6 || total
-------------------------+-------+-------++-------
Melee: Long sword        |    94 |    54 ||   148
Throw: Throwing net      |     1 |     1 ||     2
  Use: Potion            |     2 |     1 ||     3
       Scroll            |     1 |     1 ||     2
 Stab: Sleeping          |     1 |     1 ||     2
  Eat: Bread ration      |     1 |       ||     1
Armor: Leather armour    |    26 |    18 ||    44
Dodge: Dodged            |    75 |    56 ||   131
       Rpst.: Long sword |    22 |    20 ||    42
